 Dungeon Crawl Stone Soup version 0.19.0 (webtiles) character file.

243 PhynixH2O the Sneak (level 6, -3/42 HPs)
             Began as an Octopode Transmuter on Nov 1, 2016.
             Was an Initiate of Sif Muna.
             Slain by an orc priest
             ... wielding a +0 whip
              (5 damage)
             ... on level 4 of the Dungeon.
             The game lasted 00:18:41 (3423 turns).

PhynixH2O the Sneak (Octopode Transmuter)           Turns: 3423, Time: 00:18:41

Health: -3/42      AC:  1    Str: 12 (14) XL:     6   Next: 9%
Magic:  8/9        EV: 13    Int: 14 (16) God:    Sif Muna [......]
Gold:   85         SH:  0    Dex: 11 (14) Spells: 1 memorised, 8 levels left

rFire  . . .     SeeInvis .       - Unarmed
rCold  . . .     Gourm    .     (no shield)
rNeg   . . .     Faith    .     (helmet restricted)
rPois  .         Spirit   .     (no amulet)
rElec  .         Reflect  .     (no ring)
rCorr  .         Harm     .     (no ring)
MR     .....                    (no ring)
Stlth  +++.......               (no ring)
                                (no ring)
                                (no ring)
                                (no ring)
                                (no ring)

@: mighty, appendage
A: almost no armour, stealthy swim, amphibious, 8 rings, constrict 8, tentacle
spike 3, camouflage 1, gelatinous body 1
a: End Transformation, Renounce Religion


You were on level 4 of the Dungeon.
You worshipped Sif Muna.
Sif Muna was noncommittal.
You were hungry.
One of your tentacles had a temporary spike.
You visited 1 branch of the dungeon, and saw 4 of its levels.

You collected 85 gold pieces.

Inventory:

Hand Weapons
 h - a +2 spear of freezing
Missiles
 a - 24 arrows
Wands
 i - a wand of iceblast (5/15)
Scrolls
 d - 5 scrolls of teleportation {unknown}
 e - 3 scrolls of enchant armour {unknown}
 f - 5 scrolls of identify {unknown}
 g - a scroll of recharging {unknown}
 n - a scroll of magic mapping {unknown}
 p - a scroll of noise {unknown}
 r - a scroll of enchant weapon {unknown}
 s - a scroll of remove curse {unknown}
Potions
 j - 2 potions of magic {unknown}
 q - a potion of berserk rage {unknown}
 t - a potion of ambrosia {unknown}
 u - 2 potions of haste {unknown}
Books
 b - a book of Changes

   Spells                             Type                      Level
   a - Beastly Appendage              Transmutation                1
   b - Sticks to Snakes               Transmutation                2
   c - Spider Form                    Transmutation/Poison         3
   d - Ice Form                       Ice/Transmutation            4
   e - Blade Hands                    Transmutation                5
Comestibles
 c - 3 bread rations
 l - a royal jelly
 m - 2 beef jerkies
 v - a meat ration


   Skills:
 + Level 3.1 Fighting
 - Level 2.0 Dodging
 + Level 4.4 Stealth
 + Level 4.0 Unarmed Combat
 - Level 2.0 Spellcasting
 - Level 3.2 Transmutations


You had 8 spell levels left.
You knew the following spells:

 Your Spells              Type           Power        Failure   Level  Hunger
a - Beastly Appendage     Tmut           ##....       10%         1    ##.....


Dungeon Overview and Level Annotations

Branches:
Dungeon (4/15)
 Temple: D:4-7

Altars:
Ashenzari
Sif Muna
Zin

Shops:
D:2 *

Annotations:
D:3 Banto's ghost, amateur HESk


Innate Abilities, Weirdness & Mutations

You cannot wear most types of armour.
You are very stealthy in the water. (Stealth+)
You are amphibious.
You can wear up to eight rings at the same time.
You can use your tentacles to constrict eight enemies at once.
Your skin changes colour to match your surroundings (Stealth+).
Your rubbery body absorbs attacks. (AC +1, EV +1)
One of your tentacles bears a large vicious spike.


Message History

It was a potion of degeneration.
There was something very wrong with that liquid.
You feel weakened.
You feel dopey.
You feel clumsy.
You closely miss the orc priest. You grab the orc priest.
You squeeze the orc priest, but do no damage.
You constrict the orc priest, but do no damage.
The orc priest hits you with a whip.
* * * LOW HITPOINT WARNING * * *
You tentacle-slap the orc priest but do no damage.
You pierce the orc priest, but do no damage.
You squeeze the orc priest, but do no damage.
You constrict the orc priest, but do no damage.
The orc priest calls down the wrath of Beogh upon you.
Pain shoots through your body!
* * * LOW HITPOINT WARNING * * *
It was a potion of might.
You feel very mighty all of a sudden.
You constrict the orc priest, but do no damage.
The orc priest hits you with a whip.
You die...

### ..# #.# #.#
###.### ..... ..#
#####.########.######
#..o@..##....#....(..
#.###......#.#.......
#......#.#.......
#......#.#......
#.#....#.#.#'#'#
#.######.....#.#
#.#...####)....##
#.#...# #........
#...# #........


You could see an orc priest.

Vanquished Creatures
  An orc priest (D:3)
  A worker ant (D:4)
  An orc wizard (D:4)
  7 adders (D:2)
  An ooze (D:2)
  3 worms (D:2)
  2 dart slugs
  A leopard gecko (D:1)
  9 orcs
  2 ball pythons
  5 giant cockroaches
  6 goblins
  10 hobgoblins
  2 jackals (D:3)
  8 kobolds
  9 bats
  4 frilled lizards
  5 rats
77 creatures vanquished.

Notes
Turn   | Place    | Note
-------+----------+-------------------------------------------
     0 | D:1      | PhynixH2O the Octopode Transmuter began the quest for the Orb.
     0 | D:1      | Reached XP level 1. HP: 13/13 MP: 3/3
     7 | D:1      | Noticed an anaconda
     7 | D:1      | Noticed a hound
     7 | D:1      | Noticed a swamp worm
     7 | D:1      | Noticed a worker ant
     7 | D:1      | Noticed a swamp drake
   117 | D:1      | Reached skill level 1 in Stealth
   117 | D:1      | Reached XP level 2. HP: 6/18 MP: 5/5
   875 | D:1      | Reached XP level 3. HP: 17/24 MP: 4/6
  1351 | D:2      | Reached XP level 4. HP: 19/30 MP: 7/7
  1607 | D:2      | Found a shattered altar of Ashenzari.
  1846 | D:2      | Reached XP level 5. HP: 27/35 MP: 6/8
  1886 | D:2      | Found a glowing silver altar of Zin.
  1887 | D:2      | Found Zin's Purification Station.
  1954 | D:2      | Found a deep blue altar of Sif Muna.
  1960 | D:2      | Became a worshipper of Sif Muna the Loreminder
  2532 | D:3      | Noticed Banto's ghost (amateur HESk)
  2787 | D:3      | Found a faded altar of an unknown god.
  3418 | D:4      | Reached XP level 6. HP: 15/42 MP: 7/9
  3422 | D:4      | HP: 2/42 [orc priest/nerve-wracking pain (8)]
  3423 | D:4      | Slain by an orc priest

Skill      XL: |  1  2  3  4  5 |
---------------+----------------+-----
Stealth        | 1 2 3 4 |  4.4
Fighting       | 2 3 |  3.1
Transmutations | 3 |  3.2
Unarmed Combat | 4 |  4.0
Dodging        | |  2.0
Spellcasting   | |  2.0

Action                   |  1- 3 |  4- 6 || total
-------------------------+-------+-------++-------
Melee: Unarmed           |    78 |   132 ||   210
       Constrict         |    20 |    27 ||    47
       Tentacles         |     8 |    20 ||    28
       Kick              |     7 |    23 ||    30
       Punch             |     2 |     5 ||     7
 Cast: Beastly Appendage |    11 |    15 ||    26
  Use: Potion            |     1 |     3 ||     4
 Stab: Sleeping          |     6 |     6 ||    12
       Distracted        |     1 |       ||     1
  Eat: Chunk             |     2 |     6 ||     8
Armor: Skin              |     5 |    35 ||    40
Dodge: Dodged            |    42 |    94 ||   136
